 Dungeon Crawl Stone Soup version bcrawl-1.19.1 (webtiles) character file.

Game seed: 6075847878885078253

266 Mrkan the Chopper (level 6, -4/55 HPs)
             Began as a Minotaur Fighter on Dec 17, 2019.
             Slain by an ogre
             ... wielding a +0 giant spiked club
              (21 damage)
             ... on level 4 of the Dungeon.
             The game lasted 00:04:23 (3578 turns).

Mrkan the Chopper (Minotaur Fighter)                Turns: 3578, Time: 00:04:24

Health: -4/55      AC: 11    Str: 21    XL:     6   Next: 0%
Magic:  5/5        EV:  5    Int:  5    God:
Gold:   199        SH: 10    Dex: 11    Spells: 5/5 levels left

rFire    . . .     SeeInvis .   a - +0 war axe
rCold    . . .     Gourm    .   c - +0 shield
rNeg     . . .     Faith    .   w - +0 chain mail
rPois    .         Spirit   .   (helmet restricted)
rElec    .         Reflect  .   t - +0 cloak
rCorr    .         Harm     .   (no gloves)
MR       .....                  (no boots)
Stlth    ..........             (no amulet)
HPRegen  0.18/turn              k - ring of stealth
MPRegen  0.09/turn              (no ring)

@: no status effects
A: retaliatory headbutt, horns 2
a: no special abilities


You were on level 4 of the Dungeon.
You were hungry.

You visited 1 branch of the dungeon, and saw 4 of its levels.

You collected 199 gold pieces.

Inventory:

Hand Weapons
 a - a +0 war axe (weapon)
Armour
 c - a +0 shield (worn)
 t - a +0 cloak (worn)
 w - a +0 chain mail (worn)
Jewellery
 k - a ring of stealth (left hand)
Wands
 b - a wand of iceblast (5)
Scrolls
 h - 2 scrolls of amnesia {unknown}
 i - a scroll of magic mapping {unknown}
 j - 10 scrolls of identify {unknown}
 m - 2 scrolls of remove curse {unknown}
 n - 2 scrolls of teleportation {unknown}
 o - a scroll of fog {unknown}
 q - 2 scrolls of blinking {unknown}
 r - a scroll of enchant armour {unknown}
Potions
 d - a potion of might
 e - 4 potions of curing {unknown}
 g - 3 potions of mutation {unknown}
 l - 2 potions of degeneration {unknown}
 p - 2 potions of berserk rage {unknown}
 u - 2 potions of brilliance {unknown}
 v - 2 potions of heal wounds {unknown}
Comestibles
 f - 7 rations {!d}


   Skills:
 + Level 4.8 Fighting
 * Level 5.1 Axes
 + Level 4.9 Armour
 + Level 4.8 Shields


You had 5 spell levels left.
You didn't know any spells.
Your spell library was empty.

Dungeon Overview and Level Annotations

Branches:
Dungeon (4/12)
 Temple: D:4-7

Altars:
Cheibriados
The Shining One

Annotations:
D:4 Grinder


Innate Abilities, Weirdness & Mutations

You reflexively headbutt those who attack you in melee.
You have a pair of horns on your head.


Message History

The ogre barely misses you. You furiously retaliate!
You headbutt the ogre, but do no damage.
Unknown command.
You barely miss Grinder. Your headbutt misses Grinder.
Grinder is heavily wounded.
You hit the ogre but do no damage. Grinder hits you.
You writhe in agony.
* * * LOW HITPOINT WARNING * * *
Your shield and chain mail prevent you from hitting the ogre.
Your headbutt misses the ogre. You closely miss Grinder.
The ogre hits you but does no damage. You block Grinder's attack.
Unknown command.
You hit the ogre. You headbutt the ogre.
The ogre is moderately wounded.
You closely miss Grinder.
Grinder blinks!
You block the ogre's attack.
Unknown command.
You slash the ogre! You headbutt the ogre.
The ogre is almost dead.
Grinder blinks!
The ogre hits you with a +0 giant spiked club!!
You die...

... ##...##....
####..# ##...##
#### .......
##...## .......
##...##
.......####...##
.............##
#..........#
##.§..§.5...#
#.....O@....##
.....#.......>#
....##........###
...#
#..........## ..#
#...........# .#
##......#....
...?.....###...
.........# ##.
..####...#


You could see Grinder and an ogre.

Vanquished Creatures
  An ogre (D:3)
  2 orc wizards (D:3)
  Robin (D:2)
  A howler monkey skeleton (D:4)
  2 adders (D:3)
  An adder skeleton (D:3)
  2 dart slugs (D:1)
  3 leopard geckos
  4 orcs (D:3)
  7 giant cockroaches
  6 goblins
  12 hobgoblins
  4 jackals
  2 quokkas
  5 bats
  6 frilled lizards
  9 kobolds
  8 rats
76 creatures vanquished.

Notes
Turn   | Place    | Note
-------+----------+-------------------------------------------
     0 | D:1      | Mrkan the Minotaur Fighter began the quest for the Orb.
     0 | D:1      | Reached XP level 1. HP: 19/19 MP: 0/0
    84 | D:1      | Reached XP level 2. HP: 27/27 MP: 1/1
   148 | D:1      | Reached skill level 3 in Axes
   929 | D:2      | Reached XP level 3. HP: 33/33 MP: 2/2
  1291 | D:2      | Found a snail-covered altar of Cheibriados.
  1397 | D:2      | Noticed Robin
  1408 | D:2      | Killed Robin
  1507 | D:2      | Found a glowing golden altar of the Shining One.
  1902 | D:3      | Reached XP level 4. HP: 38/40 MP: 3/3
  2041 | D:3      | Noticed an ogre
  2046 | D:3      | HP: 2/40 [ogre/+0 giant club (16)]
  2047 | D:3      | Killed an ogre
  2047 | D:3      | Reached skill level 4 in Axes
  2047 | D:3      | Reached XP level 5. HP: 3/47 MP: 4/4
  2902 | D:3      | Reached skill level 5 in Axes
  3430 | D:4      | Reached XP level 6. HP: 52/55 MP: 5/5
  3539 | D:4      | Noticed Grinder
  3547 | D:4      | Paralysed by Grinder for 3 turns
  3571 | D:4      | Paralysed by Grinder for 2 turns
  3578 | D:4      | Slain by an ogre

Skill      XL: |  1  2  3  4  5 |
---------------+----------------+-----
Axes           | 3 4 5 |  5.1
Armour         | 4 |  4.9
Fighting       | 4 |  4.8
Shields        | 4 |  4.8

Action                   |  1- 3 |  4- 6 || total
-------------------------+-------+-------++-------
Melee: War axe           |   122 |    92 ||   214
       Headbutt          |    12 |    13 ||    25
  Eat: Chunk             |     2 |     6 ||     8
Armor: Scale mail        |    57 |    36 ||    93
       Chain mail        |       |    21 ||    21
Dodge: Dodged            |    33 |    20 ||    53
Block: Shield            |    77 |    55 ||   132
